 Dungeon Crawl Stone Soup version 0.29-a0-317-gd16b76e6b1 (webtiles) character file.

Game seed: 8137655899683010365

4 kae the Firebug (level 1, -1/10 HPs)
             Began as a Tengu Fire Elementalist on Mar 31, 2022.
             Slain by a jackal (3 damage)
             ... on level 1 of the Dungeon.
             The game lasted 00:00:09 (360 turns).

kae the Firebug (Tengu Fire Elementalist)            Turns: 360, Time: 00:00:10

Health: -1/10      AC:  2    Str:  8    XL:     1   Next: 70%
Magic:  0/4        EV: 12    Int: 15    God:
Gold:   0          SH:  0    Dex: 14    Spells: 3/4 levels left

rFire   . . .      SeeInvis .   (no weapon)
rCold   . . .      Faith    .   (no shield)
rNeg    . . .      Spirit   .   a - +0 robe
rPois   .          Reflect  .   (helmet restricted)
rElec   .          Harm     .   (no cloak)
rCorr   .          Rampage  .   (no gloves)
Will    .....                   (boots unavailable)
Stlth   ++........              (no amulet)
HPRegen 0.03/turn               (no ring)
MPRegen 0.09/turn               (no ring)

@: very slightly contaminated
A: beak, talons 3
a: no special abilities


You were on level 1 of the Dungeon.
You visited 1 branch of the dungeon, and saw 1 of its levels.

Inventory:

Armour
 a - a +0 robe (worn)
Scrolls
 c - a scroll of noise {unknown}
 d - a scroll of enchant weapon {unknown}
 f - a scroll of teleportation {unknown}
Potions
 b - a potion of magic
 e - a potion of cancellation {unknown}


   Skills:
 + Level 0.3 Fighting
 + Level 0.1 Armour
 + Level 2.2 Dodging
 - Level 2.0 Stealth
 + Level 2.0 Spellcasting
 + Level 1.4 Conjurations
 * Level 3.4 Fire Magic


You had 3 spell levels left.
You knew the following spells:

 Your Spells              Type           Power      Damage    Failure   Level
a - Foxfire               Conj/Fire      32%        2x1d5     9%          1

Your spell library contained the following spells:

 Spells                   Type           Power      Damage    Failure   Level
 Scorch                   Fire           22%        2d6       9%          2
 Conjure Flame            Conj/Fire      8%         6-21      24%         3
 Inner Flame              Hex/Fire       6%         N/A       32%         3
 Tukima's Dance           Hex            1%         N/A       54%         3
 Flame Wave               Conj/Fire      8%         2d5       63%         4
 Anguish                  Hex/Necr       0%         N/A       91%         4
 Enfeeble                 Hex            0%         N/A       100%        7


Dungeon Overview and Level Annotations

Branches:
Dungeon (1/15)

Altars:


Innate Abilities, Weirdness & Mutations

You have a beak for a mouth.
You have claws for feet.


Message History

The jackal is moderately wounded.
A jackal comes into view.
The jackal misses you.
The jackal bites you but does no damage.
There are monsters nearby!
Casting: Foxfire (safe; 9% risk of failure)
Confirm with . or Enter, or press ? or * to list all spells.
You miscast Foxfire.
You are very lightly contaminated with residual magic.
Nothing appears to happen.
The jackal bites you. The jackal closely misses you. x2
There are monsters nearby!
You hit the jackal but do no damage. Your peck misses the jackal.
The jackal is moderately wounded.
The jackal misses you. The jackal closely misses you.
The jackal bites you but does no damage.
You miss the jackal. Your peck misses the jackal.
The jackal is lightly wounded.
The jackal barely misses you. The jackal closely misses you.
The jackal barely misses you. The jackal misses you.
Casting: Foxfire (safe; 9% risk of failure)
Confirm with . or Enter, or press ? or * to list all spells.
You conjure some foxfire!
The jackal barely misses you. The jackal bites you.
The jackal barely misses you.
The jackal bites you but does no damage. x2
The foxfire hits the jackal.
The jackal is heavily wounded.
The jackal bites you.
* * * LOW HITPOINT WARNING * * *
The jackal bites you but does no damage. x2
There are monsters nearby!
You are too injured to fight recklessly!
You are too injured to fight recklessly!
There are monsters nearby!
Casting: Foxfire (safe; 9% risk of failure)
Confirm with . or Enter, or press ? or * to list all spells.
You conjure some foxfire!
The jackal closely misses you. The jackal misses you. The jackal bites you.
* * * LOW HITPOINT WARNING * * *
The jackal misses you. The jackal bites you.
You die...

#≈≈≈≈..<..≈
#############≈≈≈≈≈...≈≈
..........##≈≈≈≈≈≈≈≈≈≈
......... #≈≈≈≈≈≈≈≈≈≈
....... #≈≈≈≈≈≈≈≈≈≈
..... #≈≈≈≈≈≈≈≈≈≈ ...
#≈≈≈≈≈≈≈≈≈≈
#+#h######≈≈≈≈≈≈≈≈≈≈
+.h@h....#≈≈≈≈≈≈≈≈≈≈
##v#####.#≈≈≈≈≈≈≈≈≈≈ #.#
#.#≈≈≈≈≈≈≈≈≈≈ #.#
#.#≈≈≈≈≈≈≈≈≈≈ ######+###
#.#≈≈≈≈≈≈≈≈≈≈ #........#
#.#..........
#........###.#.8.⌠⌠⌠(⌠⌠⌠
.........')..#..........
.........#######+###'###


You could see 3 jackals.

Vanquished Creatures
  An endoplasm (D:1)
  A ball python (D:1)
  2 bats (D:1)
  A rat (D:1)
5 creatures vanquished.

Vanquished Creatures (others)
  20 foxfires (D:1)
20 creatures vanquished.

Grand Total: 25 creatures vanquished

Notes
Turn   | Place    | Note
-------+----------+-------------------------------------------
     0 | D:1      | kae the Tengu Fire Elementalist began the quest for the
                  | Orb.
     0 | D:1      | Reached XP level 1. HP: 10/10 MP: 4/4
   255 | D:1      | Found a faded altar of an unknown god.
   360 | D:1      | Slain by a jackal

Illustrated notes

Levels and vault maps discovered:
D:1:      zaba_arrival_water, layout_basic, basic_ecumenical_altar

Action                   || total
-------------------------++-------
Melee: Unarmed           ||    12
       Peck              ||     2
 Cast: Foxfire           ||    14
Armor: Robe              ||     9
Dodge: Dodged            ||    22

Table legend: (Time is in decaauts)
 A = Elapsed time spent in this place.
 B = Non-inter-level travel time spent in this place.
 C = Inter-level travel time spent in this place.
 D = Time resting spent in this place.
 E = Time spent auto-exploring this place.
 F = Levels seen in this place.
 G = Mean time per level.
                   A        B        C        D        E       F      G
               +--------+--------+--------+--------+--------+-----+--------+
         Total |    366 |    366 |      0 |      0 |    308 |   1 |  366.0 |
       Dungeon |    366 |    366 |      0 |      0 |    308 |   1 |  366.0 |
               +--------+--------+--------+--------+--------+-----+--------+

Top non-repeatable levels by time:
     D:1: 366 daAuts
